 Dungeon Crawl Stone Soup version 0.26.1-11-gd32895ea62 (webtiles) character file.

Game seed: 6293038436325537151

6312 raph the Geomancer (level 10, -2/54 HPs)
             Began as a Deep Elf Earth Elementalist on Apr 16, 2021.
             Was an Elder of Sif Muna.
             Slain by a seven-headed hydra (9 damage)
             ... on level 1 of the Lair of Beasts.
             The game lasted 00:35:41 (15756 turns).

raph the Geomancer (Deep Elf Earth Elementalist)   Turns: 15756, Time: 00:35:41

Health: -2/54      AC:  9    Str:  6    XL:     10   Next: 64%
Magic:  22/22      EV: 15    Int: 23    God:    Sif Muna [****..]
Gold:   346        SH:  8    Dex: 21    Spells: 8/22 levels left

rFire    . . .     SeeInvis .   b - staff of earth
rCold    + . .     Faith    +   m - +2 buckler
rNeg     . . .     Spirit   .   w - +1 leather armour {rC+}
rPois    .         Reflect  .   H - +0 helmet
rElec    .         Harm     .   (no cloak)
rCorr    .         Rampage  .   A - +0 pair of gloves
Will     +....                  i - +2 pair of boots
Stlth    +++.......             h - amulet of faith
HPRegen  0.18/turn              C - +6 ring of dexterity
MPRegen  0.18/turn              (no ring)

@: no status effects
A: no striking features
a: Renounce Religion, Channel Magic, Forget Spell, Divine Exegesis


You were on level 1 of the Lair of Beasts.
You worshipped Sif Muna.
Sif Muna was greatly pleased with you.
You visited 3 branches of the dungeon, and saw 10 of its levels.
You also visited: Sewer.

You collected 547 gold pieces.
You spent 201 gold pieces at shops.

Inventory:

Hand Weapons
 a - a +6 dagger of flaming
 r - a +0 dagger
Missiles
 f - 169 stones
Armour
 i - a +2 pair of boots (worn)
 m - a +2 buckler (worn)
 w - a +1 leather armour of cold resistance (worn)
 A - a +0 pair of gloves (worn)
 H - a +0 helmet (worn)
Magical Staves
 b - an uncursed staff of earth (weapon)
 J - an uncursed staff of air
Jewellery
 h - an amulet of faith (around neck)
 z - an uncursed ring of ice
 C - a +6 ring of dexterity (left hand)
Wands
 k - a wand of flame (21)
 E - a wand of paralysis (11)
 F - a wand of acid (11)
Scrolls
 c - 2 scrolls of blinking
 g - 2 scrolls of amnesia
 l - 4 scrolls of remove curse
 s - a scroll of immolation
 u - 3 scrolls of teleportation
 y - 3 scrolls of identify
 B - 2 scrolls of fog
 I - a scroll of silence
Potions
 d - 3 potions of lignification
 e - 3 potions of resistance
 j - 2 potions of cancellation
 n - 5 potions of heal wounds
 o - a potion of flight
 p - a potion of brilliance
 q - 8 potions of curing
 t - a potion of attraction
 x - a potion of ambrosia
 D - 2 potions of haste
 G - a potion of mutation {unknown}


   Skills:
 + Level 2.5 Fighting
 - Level 2.3 Armour
 + Level 5.6 Dodging
 + Level 5.9 Stealth
 - Level 4.0 Shields
 + Level 6.9 Spellcasting
 + Level 3.9 Hexes
 - Level 1.1 Transmutations
 + Level 12.3 Earth Magic
 * Level 5.0 Invocations


You had 8 spell levels left.
You knew the following spells:

 Your Spells              Type           Power        Failure   Level
a - Sandblast             Erth           100%         1%          1
b - Passwall              Tmut/Erth      45%          1%          2
c - Stone Arrow           Conj/Erth      100%         2%          3
d - Lee's Rapid Deconstr  Erth           38%          1%          5
e - Dazzling Flash        Conj/Hex       34%          16%         3

Your spell library contained the following spells:

 Spells                   Type           Power        Failure   Level
 Corona                   Hex            28%          2%          1
 Confusing Touch          Hex            26%          7%          3
 Tukima's Dance           Hex            26%          7%          3
 Ensorcelled Hibernation  Hex/Ice        34%          8%          2
 Petrify                  Tmut/Erth      55%          8%          4


Dungeon Overview and Level Annotations

Branches:
Dungeon (8/15)             Temple (1/1) D:5            Lair (1/6) D:8
  Sewer (visited)

Altars:
Ashenzari
Cheibriados
Dithmenos
Elyvilon
Fedhas
Gozag
Hepliaklqana
Kikubaaqudgha
Makhleb
Nemelex Xobeh
Okawaru
Qazlal
Ru
Sif Muna
Trog
Uskayaw
Vehumet
Xom
Yredelemnul
Zin
The Shining One
Lugonu

Shops:
D:4 *?


Message History

Done waiting.
There is a staircase to the Lair here.
You climb downwards.
Welcome back to the Lair of Beasts!
A yak comes into view.
The seven-headed hydra bites you! The seven-headed hydra misses you.
You block the seven-headed hydra's attack.
The seven-headed hydra bites you.
The seven-headed hydra bites you but does no damage.
The seven-headed hydra bites you!
The seven-headed hydra bites you but does no damage.
There is a staircase back to the Dungeon, spattered with blood here.
The seven-headed hydra bites you but does no damage.
The seven-headed hydra bites you!
The seven-headed hydra bites you but does no damage.
The seven-headed hydra bites you!
The seven-headed hydra closely misses you.
The seven-headed hydra bites you!
* * * LOW HITPOINT WARNING * * *
The seven-headed hydra bites you!
You die...

P....h........
###.............
................
.........≈......
#....≈h≈≈≈≈....
#..≈≈≈≈≈≈≈≈≈.#
##.h≈≈≈≈≈≈≈≈.#.
#..≈≈≈..≈≈≈≈≈..
##.h≈≈.@.≈≈≈.P.
#P.≈≈≈D≈.≈≈≈.#.
##.≈≈≈≈≈≈≈≈≈≈≈.
#..≈≈≈≈≈≈≈≈≈.≈^
#....≈≈≈≈≈..##.
..$.....≈≈...$.
..Y>............
...########..##


You could see a seven-headed hydra, a yak and 3 wolves.

Vanquished Creatures
  3 death yaks (D:8)
  Pikel (D:4)
  Menkaure (D:4)
  A water moccasin (D:8)
  2 orc warriors
  A black bear (D:7)
  2 necrophages (D:8)
  A phantom (D:3)
  2 wolves (Lair:1)
  A centaur (D:5)
  5 ogres
  6 bullfrogs
  2 gnoll sergeants
  A scorpion (D:5)
  4 wights (D:8)
  3 howler monkeys (D:8)
  A centaur zombie (D:7)
  3 hounds
  2 jellies
  4 gnoll shamans (D:3)
  3 orc priests
  7 orc wizards
  A bullfrog skeleton (D:5)
  2 iguanas
  3 hell rats (D:8)
  11 worker ants
  A hound zombie (D:7)
  A hound skeleton (D:6)
  4 mummies (D:8)
  2 worker ant zombies (D:8)
  13 adders
  40 gnolls
  2 shadow imps (D:7)
  3 ufetubi
  An ooze (D:1)
  An adder zombie (D:7)
  An adder skeleton (D:4)
  2 worms (D:2)
  2 dart slugs
  4 leopard geckos
  18 orcs
  6 ball pythons
  6 bats
  5 giant cockroaches
  9 goblins
  3 hobgoblins
  35 jackals
  5 quokkas
  7 frilled lizards
  15 kobolds
  2 leopard gecko skeletons
  3 rats
  2 butterflies (D:5)
266 creatures vanquished.

Vanquished Creatures (others)
  A fungus (Lair:1)
  17 plants
  5 withered plants (D:8)
23 creatures vanquished.

Grand Total: 289 creatures vanquished

Notes
Turn   | Place    | Note
-------+----------+-------------------------------------------
     0 | D:1      | raph the Deep Elf Earth Elementalist began the quest for
                  | the Orb.
     0 | D:1      | Reached XP level 1. HP: 10/10 MP: 6/6
   431 | D:1      | Reached XP level 2. HP: 15/15 MP: 6/8
   624 | D:1      | Learned a level 2 spell: Passwall
  1501 | D:2      | Reached XP level 3. HP: 12/19 MP: 5/9
  1611 | D:2      | Learned a level 3 spell: Stone Arrow
  1852 | D:2      | Reached skill level 4 in Earth Magic
  1993 | D:2      | Reached XP level 4. HP: 24/24 MP: 9/11
  2047 | D:2      | Reached skill level 1 in Shields
  2342 | D:2      | Reached XP level 5. HP: 28/28 MP: 10/13
  2518 | D:2      | Found a sparkling altar of Nemelex Xobeh.
  2620 | D:3      | Found a faded altar of an unknown god.
  2659 | D:3      | Noticed a phantom
  2671 | D:3      | Killed a phantom
  2672 | D:3      | Reached skill level 5 in Earth Magic
  3016 | D:3      | Learned a level 5 spell: Lee's Rapid Deconstruction
  3244 | D:4      | Noticed a lemure
  3259 | D:4      | Reached XP level 6. HP: 32/32 MP: 11/14
  3305 | D:4      | Found Dargh's Magic Scroll Shop.
  3308 | D:4      | Bought a scroll of blinking for 97 gold pieces
  3308 | D:4      | Bought 3 scrolls of identify for 78 gold pieces
  3388 | D:4      | Noticed Menkaure
  3394 | D:4      | Killed Menkaure
  3395 | D:4      | Reached skill level 6 in Earth Magic
  3643 | D:4      | Bought a scroll of identify for 26 gold pieces
  3927 | D:4      | Noticed Pikel
  3932 | D:4      | Killed Pikel
  3933 | D:4      | Reached skill level 7 in Earth Magic
  3933 | D:4      | Reached XP level 7. HP: 32/36 MP: 5/15
  4184 | D:4      | Reached skill level 8 in Earth Magic
  4263 | D:4      | Found Omeratue's Assorted Antiques.
  4309 | D:4      | Reached XP level 8. HP: 41/41 MP: 10/16
  4891 | D:5      | Entered Level 5 of the Dungeon
  5195 | D:5      | Reached skill level 9 in Earth Magic
  6071 | D:5      | Reached skill level 10 in Earth Magic
  6281 | D:5      | Found a staircase to the Ecumenical Temple.
  6342 | Temple   | Entered the Ecumenical Temple
  6391 | Temple   | Became a worshipper of Sif Muna the Loreminder
  6498 | D:5      | Found a snail-covered altar of Cheibriados.
  7335 | D:6      | Found a glowing drain.
  7370 | Sewer    | Entered a sewer
  7528 | Sewer    | Reached * piety under Sif Muna
  7946 | Sewer    | Reached XP level 9. HP: 45/45 MP: 7/17
  7994 | Sewer    | Reached skill level 11 in Earth Magic
  9383 | D:6      | Found a sparkling altar of Nemelex Xobeh.
  9506 | D:6      | Reached skill level 1 in Armour
  9607 | D:7      | Found a shadowy altar of Dithmenos.
 10297 | D:3      | Reached ** piety under Sif Muna
 11319 | D:3      | Reached *** piety under Sif Muna
 11335 | D:3      | Reached skill level 5 in Spellcasting
 12198 | D:3      | Learned a level 3 spell: Dazzling Flash
 12544 | D:7      | Reached skill level 1 in Hexes
 12544 | D:7      | Reached skill level 1 in Invocations
 12886 | D:7      | Found a shimmering blue altar of Sif Muna.
 13022 | D:7      | Found a glowing golden altar of the Shining One.
 13022 | D:7      | Found a glowing silver altar of Zin.
 13023 | D:7      | Found a white marble altar of Elyvilon.
 13333 | D:8      | Noticed a death yak
 13333 | D:8      | Noticed a death yak
 13334 | D:8      | Noticed a death yak
 13348 | D:8      | Reached skill level 12 in Earth Magic
 13355 | D:8      | Killed a death yak
 13356 | D:8      | Reached skill level 1 in Fighting
 13356 | D:8      | Reached XP level 10. HP: 46/52 MP: 14/21
 13395 | D:8      | Reached **** piety under Sif Muna
 13577 | D:8      | Found a hide-covered altar of Uskayaw.
 13886 | D:8      | Reached skill level 5 in Stealth
 14459 | D:8      | Found a staircase to the Lair.
 14978 | D:8      | Reached skill level 5 in Dodging
 15079 | D:8      | Found a bloodstained altar of Trog.
 15079 | D:8      | Found a broken altar of Ashenzari.
 15086 | D:8      | Found a sacrificial altar of Ru.
 15088 | D:8      | Found a faded altar of an unknown god.
 15090 | D:8      | Found a shimmering altar of Xom.
 15356 | D:8      | Killed a death yak
 15357 | D:8      | Killed a death yak
 15489 | D:8      | Found a burning altar of Makhleb.
 15537 | Lair:1   | Entered Level 1 of the Lair of Beasts
 15545 | Lair:1   | Reached skill level 5 in Invocations
 15545 | Lair:1   | Noticed a seven-headed hydra
 15756 | Lair:1   | Slain by a seven-headed hydra

Illustrated notes

Levels and vault maps discovered:
D:1:      minmay_arrival_radiant_lines, layout_basic
D:2:      layout_rooms, general_overflow_altar
D:3:      lemuel_castle_with_subvaults [lemuel_castle_interior_carwin_1],
          layout_loops_ring, chequers_ecumenical_altar_simple, moated_statue
D:4:      layout_loops_corners, serial_shops, nicolae_shop_trees, shop,
          kennysheep_cross_room, uniq_menkaure, uniq_pikel
D:5:      layout_basic, kennysheep_slug_shrine, minmay_temple_entry_butterflies,
          serial_rivers, chequers_serial_rivers_room_a,
          chequers_serial_rivers_small_a, chequers_serial_rivers_micro_e,
          chequers_serial_rivers_large_b
D:6:      layout_loops_ring, portal_sewer_entry_d, nemelex_spade_bored_becter
D:7:      layout_rooms, good_gods_temple_1, overflow_temple_1_default,
          solitary_fountain, tgw_sif
D:8:      layout_cave_pods, chequers_temple_overflow_minitemple,
          lightli_temple_of_fire, nicolae_overflow_crystal_walls,
          dpeg_lair_monsters, serial_undead, serial_undead_b, serial_undead_e,
          serial_undead_a, serial_undead_e, serial_undead_d, serial_undead_c,
          serial_undead_e, serial_undead_b
Temple:   corrupted_temple
Lair:1:   layout_small_grid, special_room, wad_woods_road_02,
          chequers_serial_rivers_room_a, infiniplex_staircase_pool_2

Skill      XL: |  1  2  3  4  5  6  7  8  9 10 |
---------------+-------------------------------+-----
Dodging        | 3 4 5 |  5.6
Stealth        | 3 4 5 |  5.9
Earth Magic    | 4 5 7 8 10 12 | 12.3
Shields        | 1 3 4 |  4.0
Spellcasting   | 4 6 |  6.9
Armour         | 2 |  2.3
Hexes          | 2 3 |  3.9
Invocations    | 3 5 |  5.0
Fighting       | 1 2 |  2.5
Transmutations | |  1.1

Action                   |  1- 3 |  4- 6 |  7- 9 | 10-12 || total
-------------------------+-------+-------+-------+-------++-------
Melee: Dagger            |    76 |    10 |    39 |    44 ||   169
       Staff             |       |       |    12 |     2 ||    14
Throw: Stone             |       |       |       |     1 ||     1
 Cast: Sandblast         |    27 |    39 |    18 |     2 ||    86
       Stone Arrow       |       |     4 |    91 |    21 ||   116
       Lee's Rapid Decon |       |     1 |    80 |    23 ||   104
       Passwall          |       |       |     1 |     1 ||     2
       Dazzling Flash    |       |       |       |     2 ||     2
Invok: Channel Magic     |       |       |     1 |       ||     1
  Use: Scroll            |       |    12 |    12 |     5 ||    29
       Potion            |       |     1 |       |     1 ||     2
 Stab: Sleeping          |     5 |     5 |     3 |     1 ||    14
       Distracted        |       |       |     1 |       ||     1
Armor: Robe              |    26 |     3 |     1 |       ||    30
       Leather armour    |       |       |    27 |     9 ||    36
Dodge: Dodged            |    57 |    13 |    52 |    38 ||   160
Block: Buckler           |    12 |     2 |    37 |    19 ||    70
